 Dungeon Crawl Stone Soup version 0.16-a0-3338-g714714c (console) character file.

96261 Fusha the Ogre Mage (level 16, 0/143 HPs)
             Began as an Ogre Ice Elementalist on Dec 27, 2014.
             Was a High Priest of Okawaru.
             Splashed by a brown ugly thing's acid (7 damage)
             ... on level 15 of the Dungeon on Dec 28, 2014.
             The game lasted 04:41:31 (44541 turns).

Fusha the Ogre Mage (Ogre Ice Elementalist)        Turns: 44541, Time: 04:41:31

Health: 0/143      AC: 14    Str: 21    XL:     16   Next: 16%
Magic:  12/40      EV: 13    Int: 23    God:    Okawaru [*****.]
Gold:   2561       SH:  0    Dex:  9    Spells: 15 memorised, 9 levels left

rFire  . . .     SeeInvis .     c - +4 quarterstaff of Bauki {flame, +Fly rPois Str+4}
rCold  . . .     Clarity  +     B - +2 robe {Archmagi}
rNeg   . . .     SustAb   .     (shield restricted)
rPois  +         Gourm    .     C - +2 hat
rElec  .         Spirit   .     s - +2 cloak
rCorr  .         Warding  .     (gloves unavailable)
rMut   .         Stasis   .     (boots unavailable)
MR     +....                    g - amulet of clarity
Stlth  ++........               N - +4 ring of intelligence
                                P - ring of poison resistance

@: somewhat resistant to hostile enchantments, unstealthy
A: unfitting armour, rough black scales 1, tough skin 1
a: Heroism, Finesse, Renounce Religion, Evoke Flight


You were on level 15 of the Dungeon.
You worshipped Okawaru.
Okawaru was extremely pleased with you.
You were not hungry.

You visited 4 branches of the dungeon, and saw 28 of its levels.
You also visited: Labyrinth, Ossuary and Bailey.

You collected 3010 gold pieces.
You spent 449 gold pieces at shops.

Inventory:

Hand weapons
 c - the +4 quarterstaff of Bauki (weapon) {flame, +Fly rPois Str+4}
   (You found it on level 6 of the Lair of Beasts)

   It emits flame when wielded, causing extra injury to most foes and up to half
   as much damage over again against particularly susceptible opponents.
   It affects your strength (+4).
   It protects you from poison.
   It lets you fly.
Missiles
 z - 5 throwing nets
 L - 18 large rocks (quivered)
Armour
 s - a +2 cloak (worn)
 B - a +2 robe of the Archmagi (worn)
 C - a +2 hat (worn)
Magical staves
 t - an uncursed staff of power
Jewellery
 f - the ring of Stronu Mniq {rF+ Dex+3}
   (You found it in a labyrinth)

   [ring of protection from fire]

   It affects your dexterity (+3).
   It protects you from fire.
 g - an amulet of clarity (around neck)
 m - an uncursed ring of sustain abilities
 o - an uncursed ring of positive energy
 u - a +4 ring of evasion
 F - a +4 ring of evasion
 M - an uncursed ring of ice
 N - a +4 ring of intelligence (right hand)
 P - a ring of poison resistance (left hand)
 Q - an uncursed amulet of resist mutation
 V - an uncursed amulet of rage
Magical devices
 d - a wand of confusion (40)
 r - a wand of draining (6)
 x - a wand of fire (10)
 y - a wand of lightning (6)
 E - a wand of cold (8)
 X - a wand of heal wounds (8)
 Y - a wand of disintegration (16)
 Z - a wand of hasting (1)
Scrolls
 e - a scroll of vulnerability {unknown}
 j - 5 scrolls of recharging
 G - 7 scrolls of remove curse
 H - 7 scrolls of teleportation
 O - 4 scrolls of fear
 S - 2 scrolls of fog
 U - 2 scrolls of blinking
Potions
 a - 3 potions of brilliance
 h - 2 potions of heal wounds
 i - 10 potions of curing
 k - 4 potions of agility
 l - 4 potions of restore abilities
 n - 10 potions of might
 p - 4 potions of ambrosia
 q - 2 potions of resistance
 A - 3 potions of haste
 K - 2 potions of invisibility
 R - 4 potions of berserk rage
 T - a potion of cancellation
 W - 2 potions of flight
Miscellaneous
 v - a crystal ball of energy
 I - a lamp of fire
 J - an ornate deck of defence
Comestibles
 b - 9 royal jellies
 w - 6 bread rations


   Skills:
 + Level 5.5 Fighting
 + Level 3.3 Staves
 + Level 9.6 Dodging
 + Level 3.0 Stealth
 + Level 18.8 Spellcasting
 + Level 7.1 Conjurations
 - Level 1.0 Charms
 + Level 4.5 Summonings
 + Level 11.5 Ice Magic
 + Level 1.1 Evocations


You had 9 spell levels left.
You knew the following spells:

 Your Spells              Type           Power        Failure   Level  Hunger
a - Freeze                Ice            ####         1%          1    None
b - Throw Frost           Conj/Ice       ######       1%          2    None
c - Summon Ice Beast      Ice/Summ       ######..     1%          4    None
d - Ozocubu's Armour      Chrm/Ice       ######..     1%          3    None
e - Throw Icicle          Conj/Ice       #######.     1%          4    None
f - Condensation Shield   Ice            #######...   1%          4    None
g - Conjure Flame         Conj/Fire      ######..     1%          3    None
h - Ensorcelled Hibernat  Hex/Ice        ######       1%          2    None
i - Dazzling Spray        Conj/Hex       ######..     1%          3    None
j - Confuse               Hex            ####....     10%         3    None
k - Tukima's Dance        Hex            ####....     10%         3    None
l - Mephitic Cloud        Conj/Pois/Air  #####...     2%          3    None
m - Blink                 Tloc           N/A          3%          2    None
n - Metabolic Englaciati  Hex/Ice        ######....   8%          5    None
o - Apportation           Tloc           ####......   2%          1    None


Dungeon Overview and Level Annotations

Branches:
Dungeon (15/15)            Temple (1/1) D:7            Lair (8/8) D:8
 Shoals (0/5) Lair:3       Spider (0/5) Lair:6        Slime (0/6) Lair:6
    Orc (4/4) D:10            Elf (0/3) Orc:3        Vaults (0/5) D:13
 Depths: D:15

Altars:
Ashenzari
Cheibriados
Dithmenos
Elyvilon
Fedhas
Gozag
Kikubaaqudgha
Makhleb
Nemelex Xobeh
Okawaru
Qazlal
Ru
Sif Muna
Trog
Vehumet
Xom
Yredelemnul
Zin
The Shining One
Beogh

Shops:
D:6 [*   Orc:2 }   Orc:3 (**   Orc:4 [(}%!

Portals:
Hell: Lair:8

Annotations:
D:3 Grinder


Innate Abilities, Weirdness & Mutations

You are too large for most types of armour.
You have tough skin (AC +1).
You are partially covered in rough black scales (AC +4, Dex -1).


Message History

You feel sick.
You feel sick.
The brown ugly thing closely misses you.
Your magical contamination has completely faded away.
You repair your equipment.
You feel sick.
You feel sick.
Your icy shield starts to melt.
You feel sick.
You block the brown ugly thing's attack.
You feel sick.
Your icy shield evaporates.
You feel sick.
You feel sick.
You feel sick.
You are no longer poisoned.
The brown ugly thing tentacle-slaps you.
* * * LOW HITPOINT WARNING * * *
You are splashed with acid!
The acid burns!
You die...

.).... .#..## #.# # #..#.. .....
..# #. #..#.# #..# #.# #.###..#.#
#..####### #u# ....#..#.#
#........# #.#
#.#.#..#.##########.##...#.####.#
......u.........................#
#....###<##########..#####.######
...†....†####.uu@.......##.#
##..)#........#####..##.##.#
##.##.#............#.#.#..#
#.##.#.#########..##..†#.#
#.##.#.# #..###.##.# #.##.#.#
#..# #.##.# #.##.#.# ...# #.##†#
#....... ##.## #.##.# .......#
#.# #.##.#


You could see 2 ugly things.

Vanquished Creatures
  Donald (D:13)
  Gastronok (D:11)
  An orc warlord (Orc:4)
  Snorg (Lair:8)
  A minotaur (Lab)
  Fannar (Lair:3)
  9 hydras
  Harold (D:12)
  A hell beast (Lair:8)
  6 death yaks
  3 centaur warriors
  An orc high priest (Orc:4)
  Nergalle (Lair:4)
  Erolcha (D:8)
  A fire crab (Lair:6)
  A skeletal warrior (D:13)
  2 unseen horrors (D:14)
  A wizard (Lair:8)
  A necromancer (Lair:6)
  4 ugly things
  6 hill giants
  4 orc knights
  2 griffons (D:13)
  4 cyclopes
  A siren (Lair:3)
  5 elephants
  10 black mambas
  14 spiny frogs
  3 manticores
  4 orc sorcerers
  A centaur zombie (D:12)
  Joseph (D:12)
  4 orange demons (Lair:8)
  4 gargoyles (Lab)
  A yaktaur (shapeshifter) (D:15)
  2 torpor snails
  A demonic crawler (Lair:6)
  An efreet (D:10)
  5 fire drakes
  8 komodo dragons
  3 merfolk
  3 blue devils (Lair:8)
  3 red devils (Lair:8)
  4 trolls
  Sonja (D:12)
  7 blink frogs
  3 two-headed ogres
  Prince Ribbit (Orc:2)
  2 polar bears
  3 slime creatures (D:13)
  4 basilisks
  A vampire (D:13)
  16 humans
  2 trapdoor spiders (D:14)
  A centaur simulacrum (D:14)
  A shadow (D:14)
  2 deep elf magi
  50 yaks
  2 wraiths
  Eustachio (D:9)
  5 hippogriffs
  4 wyverns
  2 steam dragons
  4 vampire mosquitoes (D:14)
  A deep elf fighter (D:8)
  3 soldier ants
  6 wargs
  Edmund (D:6)
  4 wolves (Lair:2)
  A mottled dragon (D:10)
  22 water moccasins
  12 porcupines
  3 sky beasts
  41 orc warriors
  2 spiders (D:8)
  8 ice beasts
  Purgy (D:4)
  A black bear (Lair:5)
  An elephant zombie (Lair:6)
  2 yellow wasps
  9 ogres
  A phantom (D:12)
  2 necrophages
  3 boring beetles
  13 crocodiles
  An elf zombie (Ossuary)
  11 centaurs
  5 big kobolds
  A brain worm (Lair:6)
  2 gnoll sergeants
  Blork the orc (D:4)
  19 giant frogs
  A warg zombie (Orc:3)
  4 scorpions
  4 wights (D:10)
  A warg skeleton (Orc:4)
  22 killer bees
  3 electric eels
  21 crimson imps
  6 giant frog zombies
  4 goliath beetles
  A basilisk zombie (Lair:6)
  4 jellies
  4 centaur skeletons
  9 hounds
  Crazy Yiuf (D:2)
  36 orc priests
  2 yellow wasp zombies
  8 iguanas
  16 worker ants
  Natasha (thrice) (D:3)
  A killer bee zombie (D:7)
  31 orc wizards
  23 sheep
  A sky beast zombie (D:6)
  A crocodile zombie (Lair:6)
  19 gnolls
  33 adders
  96 river rats
  3 giant mites (Lair:6)
  4 shadow imps
  2 worms
  An adder skeleton (D:4)
  2 adder zombies (D:6)
  5 giant geckos
  261 orcs
  A bat zombie (D:5)
  5 giant cockroaches
  19 goblins
  20 hobgoblins
  15 quokkas
  A ball python (D:2)
  22 bats
  A giant gecko skeleton (D:5)
  8 giant newts
  A giant spore (D:11)
  9 hobgoblin zombies (Ossuary)
  11 jackals
  33 kobolds
  3 kobold zombies (Ossuary)
  4 orc skeletons
  11 orc zombies
  14 rats
  3 rat zombies (Ossuary)
1236 creatures vanquished.

Vanquished Creatures (collateral kills)
  3 hydras
  Pikel (D:9)
  An orc knight (Bailey)
  An ice beast (D:6)
  An orc warrior (Bailey)
  A giant frog (D:9)
  An elf zombie (Ossuary)
  2 killer bees (D:12)
  A centaur zombie (Ossuary)
  2 human zombies (Ossuary)
  An orc wizard (D:12)
  A hound (Lair:2)
  A big kobold zombie (Ossuary)
  2 mummies (Ossuary)
  A giant cockroach (D:6)
  A hobgoblin zombie (Ossuary)
  A kobold zombie (Ossuary)
  3 orc zombies (Ossuary)
25 creatures vanquished.

Vanquished Creatures (others)
  32 ice beasts
  An orc priest (D:3)
  A human zombie (Ossuary)
  3 fungi
  3 plants
40 creatures vanquished.

Grand Total: 1301 creatures vanquished

Notes
Turn   | Place    | Note
--------------------------------------------------------------
     0 | D:1      | Fusha, the Ogre Ice Elementalist, began the quest for the Orb.
     0 | D:1      | Reached XP level 1. HP: 16/16 MP: 3/3
   554 | D:1      | Reached XP level 2. HP: 24/24 MP: 3/5
   558 | D:1      | Learned a level 2 spell: Throw Frost
  1047 | D:2      | Reached skill level 3 in Spellcasting
  1253 | D:2      | Found a snail-covered altar of Cheibriados.
  1413 | D:2      | Reached XP level 3. HP: 28/31 MP: 4/8
  1584 | D:2      | Noticed Crazy Yiuf
  1603 | D:2      | Killed Crazy Yiuf
  1603 | D:2      | Reached XP level 4. HP: 36/39 MP: 2/10
  1867 | D:3      | Noticed Natasha
  1872 | D:3      | Killed Natasha
  1872 | D:3      | Reached skill level 4 in Spellcasting
  1880 | D:3      | Noticed Natasha
  1889 | D:3      | Killed Natasha
  1974 | D:3      | Noticed Natasha
  1977 | D:3      | Killed Natasha
  2154 | D:3      | Reached XP level 5. HP: 45/45 MP: 8/14
  2296 | D:3      | Noticed Grinder
  2313 | D:4      | Reached skill level 5 in Spellcasting
  2419 | D:4      | Found a sand-covered staircase.
  2458 | Ossuary  | Entered an ossuary
  2474 | Ossuary  | Learned a level 4 spell: Summon Ice Beast
  2478 | Ossuary  | Learned a level 3 spell: Ozocubu's Armour
  3041 | Ossuary  | Reached skill level 1 in Fighting
  3041 | Ossuary  | Reached XP level 6. HP: 16/55 MP: 17/17
  3342 | Ossuary  | Reached skill level 1 in Summonings
  3497 | D:4      | Noticed Purgy
  3508 | D:4      | Killed Purgy
  3687 | D:4      | Reached XP level 7. HP: 65/65 MP: 19/19
  3688 | D:4      | Reached skill level 1 in Staves
  3874 | D:4      | Gained mutation: You are partially covered in rough black scales (AC +4, Dex -1). [potion of beneficial mutation]
  4033 | D:4      | Found a sparkling altar of Nemelex Xobeh.
  4066 | D:4      | Noticed Blork the orc
  4075 | D:4      | Killed Blork the orc
  4193 | D:4      | Found a shattered altar of Ashenzari.
  4360 | D:4      | Found a shimmering altar of Xom.
  4813 | D:4      | Reached skill level 6 in Spellcasting
  4839 | D:4      | Reached XP level 8. HP: 19/72 MP: 22/22
  5116 | D:5      | Entered Level 5 of the Dungeon
  5557 | D:5      | Found a white marble altar of Elyvilon.
  5560 | D:5      | Found a shimmering altar of Xom.
  5563 | D:5      | Found a basalt altar of Yredelemnul.
  6035 | D:6      | Found Kabliasa's Antique Armour Boutique.
  6242 | D:6      | Bought an embroidered robe for 17 gold pieces
  6242 | D:6      | Bought a glowing robe for 17 gold pieces
  6593 | D:6      | Reached skill level 1 in Conjurations
  6594 | D:6      | Noticed Edmund
  6617 | D:6      | Killed Edmund
  6617 | D:6      | Reached skill level 7 in Spellcasting
  7736 | D:6      | Found Skupap's General Store.
  7776 | D:6      | Bought 3 scrolls of identify for 60 gold pieces
  7777 | D:6      | Bought a wand of draining (6) for 100 gold pieces
  8022 | D:6      | Reached XP level 9. HP: 81/81 MP: 19/25
  8722 | D:6      | Reached skill level 8 in Spellcasting
  8776 | D:6      | Reached skill level 5 in Ice Magic
  9320 | D:6      | Learned a level 4 spell: Throw Icicle
  9325 | D:6      | Learned a level 4 spell: Condensation Shield
  9782 | D:7      | Found a staircase to the Ecumenical Temple.
  9788 | Temple   | Entered the Ecumenical Temple
 10581 | D:7      | Reached skill level 9 in Spellcasting
 10722 | D:7      | Reached XP level 10. HP: 91/91 MP: 27/27
 10979 | D:8      | Noticed Erolcha
 11184 | D:8      | Found a flagged portal.
 11261 | D:8      | Reached skill level 5 in Dodging
 11312 | Bailey   | Entered a bailey
 11780 | Bailey   | Reached skill level 10 in Spellcasting
 11914 | Bailey   | Noticed an orc knight
 11963 | Bailey   | Killed an orc knight
 12217 | D:8      | Found a staircase to the Lair.
 12228 | Lair:1   | Entered Level 1 of the Lair of Beasts
 12504 | D:8      | Reached skill level 11 in Spellcasting
 12996 | Lair:1   | You fall through a shaft!
 13036 | Lair:2   | Found an opulent altar of Gozag.
 13056 | Lair:2   | Noticed an eight-headed hydra
 13073 | Lair:2   | Killed an eight-headed hydra
 13073 | Lair:2   | Reached XP level 11. HP: 97/97 MP: 4/30
 13557 | Lair:2   | Reached skill level 12 in Spellcasting
 13784 | Lair:2   | Learned a level 3 spell: Conjure Flame
 13799 | Lair:2   | Noticed a five-headed hydra
 13833 | Lair:2   | Killed a five-headed hydra
 15778 | Lair:3   | Reached skill level 13 in Spellcasting
 15827 | Lair:3   | Noticed Fannar
 16389 | Lair:3   | Found a staircase to the Shoals.
 16746 | Lair:4   | Learned a level 2 spell: Ensorcelled Hibernation
 16750 | Lair:4   | Learned a level 3 spell: Dazzling Spray
 16778 | Lair:4   | Reached XP level 12. HP: 53/107 MP: 20/33
 17481 | Lair:4   | Reached skill level 14 in Spellcasting
 18002 | Lair:4   | Noticed a death yak
 18019 | Lair:4   | Noticed a death yak
 18020 | Lair:4   | Noticed a death yak
 18308 | Lair:4   | Noticed Nergalle
 18345 | Lair:4   | Killed Nergalle
 19653 | Lair:5   | Reached skill level 15 in Spellcasting
 19662 | Lair:5   | Reached skill level 1 in Charms
 19944 | Lair:5   | Reached XP level 13. HP: 114/114 MP: 35/35
 20534 | Lair:5   | Noticed a five-headed hydra
 20543 | Lair:5   | Killed a five-headed hydra
 21429 | Lair:6   | Got a brightly glowing quarterstaff
 21430 | Lair:6   | Identified the +4 quarterstaff of Bauki {flame, +Fly rPois Str+4} (You found it on level 6 of the Lair of Beasts)
 21553 | Lair:6   | Upgraded the game from 0.16-a0-3326-gb44eaf1 to 0.16-a0-3338-g714714c
 21557 | Lair:6   | Learned a level 3 spell: Confuse
 21633 | Lair:6   | Found a hole to the Spider Nest.
 21944 | Lair:6   | Found a staircase to the Slime Pits.
 22506 | Lair:7   | Reached skill level 16 in Spellcasting
 24201 | Lair:4   | Noticed a death yak
 24205 | Lair:4   | Noticed a death yak
 24214 | Lair:4   | Killed a death yak
 24216 | Lair:4   | Noticed a death yak
 24506 | Lair:7   | You fall through a shaft!
 24506 | Lair:8   | Entered Level 8 of the Lair of Beasts
 24896 | Lair:8   | Noticed Snorg
 24908 | Lair:8   | Killed Snorg
 24908 | Lair:8   | Reached XP level 14. HP: 69/124 MP: 7/37
 25654 | Lair:8   | Reached skill level 10 in Ice Magic
 26394 | Lair:8   | Found a burning altar of Makhleb.
 26963 | Lair:8   | Reached skill level 17 in Spellcasting
 26963 | Lair:8   | Reached skill level 1 in Evocations
 27010 | Lair:8   | Reached skill level 5 in Conjurations
 27389 | Lair:8   | Found a gateway to Hell.
 27740 | Lair:3   | Found a staircase to the Shoals.
 28014 | Lair:2   | HP: 6/124 [poisoned by a spiny frog]
 28019 | Lair:2   | HP: 4/124 [poisoned by a spiny frog]
 28024 | Lair:2   | HP: 3/124 [poisoned by a spiny frog]
 28030 | Lair:2   | HP: 3/124 [poisoned by a spiny frog]
 28038 | Lair:2   | HP: 3/124 [poisoned by a spiny frog]
 28494 | Lair:3   | Killed Fannar
 29170 | D:8      | Found a sacrificial altar of Ru.
 29213 | D:8      | Found a bloodstained altar of Trog.
 29213 | D:8      | Found a radiant altar of Vehumet.
 29213 | D:8      | Found a snail-covered altar of Cheibriados.
 29228 | D:8      | Found an iron altar of Okawaru.
 29271 | D:8      | Became a worshipper of Warmaster Okawaru
 29553 | D:8      | Found a radiant altar of Vehumet.
 29553 | D:8      | Found a bloodstained altar of Trog.
 29553 | D:8      | Found an iron altar of Okawaru.
 29565 | D:8      | Found a snail-covered altar of Cheibriados.
 29585 | D:8      | Killed Erolcha
 29680 | D:9      | Noticed Eustachio
 29683 | D:9      | Killed Eustachio
 29772 | D:9      | Learned a level 3 spell: Tukima's Dance
 29992 | D:9      | Found a deep blue altar of Sif Muna.
 30011 | D:9      | Found a stormy altar of Qazlal.
 30020 | D:9      | Found a blossoming altar of Fedhas.
 30205 | D:9      | Noticed Pikel
 30211 | D:9      | Killed Pikel
 30532 | D:10     | Entered Level 10 of the Dungeon
 30646 | D:10     | Found a staircase to the Orcish Mines.
 31112 | D:10     | Learned a level 3 spell: Mephitic Cloud
 31115 | D:10     | Learned a level 2 spell: Blink
 31226 | D:10     | Acquired Okawaru's first power
 31813 | Orc:1    | Entered Level 1 of the Orcish Mines
 32648 | Orc:2    | Found Shiyzos' Quality Used Wands.
 33000 | Orc:1    | Noticed Prince Ribbit
 33010 | Orc:2    | Killed Prince Ribbit
 33751 | Orc:3    | Found Doufriph's Antique Weapon Emporium.
 33766 | Orc:3    | Found a staircase to the Elven Halls.
 33860 | Orc:3    | Found Yfaskuv's General Store.
 33869 | Orc:3    | Bought a scroll of identify for 20 gold pieces
 33892 | Orc:3    | Found Jonn's Assorted Antiques.
 34363 | Orc:3    | Paralysed by an orc sorcerer for 5 turns
 34588 | Orc:4    | Entered Level 4 of the Orcish Mines
 34601 | Orc:4    | Found Tweasufo's Gadget Emporium.
 34732 | Orc:4    | Reached XP level 15. HP: 72/132 MP: 0/38
 34783 | Orc:4    | Found a roughly hewn altar of Beogh.
 34869 | Orc:4    | Found a labyrinth entrance.
 34878 | Lab      | Entered a labyrinth
 35410 | Lab      | Reached skill level 5 in Fighting
 35522 | Lab      | Got a scorched iron ring
 35529 | Lab      | Learned a level 5 spell: Metabolic Englaciation
 35530 | Lab      | Identified the ring of Stronu Mniq {rF+ Dex+3} (You found it in a labyrinth)
 35806 | D:10     | Learned a level 1 spell: Apportation
 35976 | Orc:4    | Found a roughly hewn altar of Beogh.
 35976 | Orc:4    | Found Samei's Food Shop.
 36289 | Orc:4    | Found a roughly hewn altar of Beogh.
 36289 | Orc:4    | Found Baumoun's Distillery.
 36680 | Orc:4    | Found a roughly hewn altar of Beogh.
 36750 | Orc:4    | Found a roughly hewn altar of Beogh.
 36846 | Orc:4    | Found a roughly hewn altar of Beogh.
 37231 | Orc:4    | Paralysed by an orc sorcerer for 5 turns
 37570 | Orc:4    | Noticed an orc warlord
 37576 | Orc:4    | Killed an orc warlord
 37712 | Orc:4    | Found a roughly hewn altar of Beogh.
 37712 | Orc:4    | Found Grufaumi's Antique Weapon Boutique.
 37716 | Orc:4    | Found Zeatec's Antique Armour Shop.
 38133 | Orc:4    | Bought a potion of decay for 15 gold pieces
 38189 | Orc:4    | Bought a bread ration for 55 gold pieces
 38189 | Orc:4    | Bought a bread ration for 55 gold pieces
 38189 | Orc:4    | Bought a bread ration for 55 gold pieces
 38189 | Orc:4    | Bought a bread ration for 55 gold pieces
 38431 | D:11     | Noticed Gastronok
 38440 | D:11     | Killed Gastronok
 38959 | D:12     | Noticed Joseph
 38962 | D:12     | Killed Joseph
 38962 | D:12     | Reached skill level 18 in Spellcasting
 38969 | D:12     | Noticed Sonja
 38976 | D:12     | Killed Sonja
 39339 | D:12     | Noticed Harold
 39348 | D:12     | Killed Harold
 39907 | D:13     | Found a gate to the Vaults.
 39907 | D:13     | Noticed Donald
 40367 | D:13     | Killed Donald
 43053 | D:14     | Found a sacrificial altar of Ru.
 43280 | D:14     | Acquired Okawaru's second power
 43660 | D:14     | Reached XP level 16. HP: 143/143 MP: 39/40
 44331 | D:15     | Entered Level 15 of the Dungeon
 44541 | D:15     | HP: 7/143 [brown ugly thing (6)]
 44541 | D:15     | Splashed by a brown ugly thing's acid

Action                   |  1- 3 |  4- 6 |  7- 9 | 10-12 | 13-15 | 16-18 || total
-------------------------+-------+-------+-------+-------+-------+-------++-------
Melee: Unarmed           |    31 |       |       |       |       |       ||    31
       Quarterstaff      |       |     5 |     2 |   116 |   499 |    11 ||   633
       Staff             |       |   161 |   209 |     6 |     9 |     1 ||   386
Throw: Large rock        |       |       |       |     3 |       |       ||     3
 Cast: Freeze            |    44 |    52 |   238 |   439 |   498 |       ||  1271
       Throw Frost       |     1 |    17 |   185 |   349 |   649 |     2 ||  1203
       Ozocubu's Armour  |       |       |    13 |    49 |    68 |     4 ||   134
       Summon Ice Beast  |       |       |     1 |    31 |    21 |       ||    53
       Condensation Shie |       |       |       |    20 |    26 |     2 ||    48
       Throw Icicle      |       |       |       |    39 |   644 |    47 ||   730
       Conjure Flame     |       |       |       |     1 |     1 |       ||     2
       Confuse           |       |       |       |       |     1 |       ||     1
       Apportation       |       |       |       |       |     3 |       ||     3
Evoke: Wand              |       |     9 |     4 |     9 |    15 |       ||    37
  Use: Scroll            |     3 |     8 |    12 |     4 |    21 |       ||    48
       Potion            |       |       |     4 |     1 |     1 |       ||     6
 Stab: Distracted        |       |     1 |       |       |     2 |       ||     3
  Eat: Bread ration      |     1 |     1 |       |     1 |     3 |       ||     6
       Beef jerky        |       |       |     2 |       |     6 |       ||     8
       Chunk             |       |       |     1 |     6 |    18 |       ||    25
       Royal jelly       |       |       |     1 |       |       |       ||     1
       Meat ration       |       |       |     4 |     3 |     6 |       ||    13
       Fruit             |       |       |       |     1 |     6 |       ||     7
       Pizza             |       |       |       |     1 |     2 |       ||     3
